 Dungeon Crawl Stone Soup version 0.24-a0-652-g46ecf6da75 (webtiles) character file.

Game seed: 616922839772877327, levelgen mode: deterministic

981 Gynju the Slicer (level 8, -2/63 HPs)
             Began as a Gnoll Wanderer on Sept 26, 2019.
             Was an Initiate of Okawaru.
             Shot with an arrow by a centaur (9 damage)
             ... on level 6 of the Dungeon.
             The game lasted 00:06:03 (7093 turns).

Gynju the Slicer (Gnoll Wanderer)                   Turns: 7093, Time: 00:06:04

Health: -2/63      AC:  5    Str: 16    XL:     8   Next: 17%
Magic:  12/12      EV: 12    Int: 15    God:    Okawaru [......]
Gold:   259        SH:  3    Dex: 15    Spells: 13/13 levels left

rFire    . . .     SeeInvis .   r - +0 long sword
rCold    . . .     Gourm    .   (no shield)
rNeg     . . .     Faith    .   p - +0 ring mail
rPois    .         Spirit   .   (no helmet)
rElec    .         Reflect  +   (no cloak)
rCorr    .         Harm     .   (no gloves)
MR       .....                  (no boots)
Stlth    ++........             a - +3 amulet of reflection
HPRegen  0.20/turn              (no ring)
MPRegen  0.13/turn              (no ring)

@: no status effects
A: distributed training, fangs 1, strong nose
a: Renounce Religion


You were on level 6 of the Dungeon.
You worshipped Okawaru.
Okawaru was noncommittal.
You were not hungry.

You visited 2 branches of the dungeon, and saw 7 of its levels.

You collected 259 gold pieces.

Inventory:

Hand Weapons
 r - a +0 long sword (weapon)
 w - a cursed +0 hand crossbow
Armour
 p - a +0 ring mail (worn)
Jewellery
 a - a +3 amulet of reflection (around neck)
Wands
 t - a wand of flame (18)
Scrolls
 c - 5 scrolls of teleportation
 e - 3 scrolls of remove curse {@r2}
 h - a scroll of enchant weapon {unknown}
 i - 4 scrolls of magic mapping {unknown}
 l - 5 scrolls of amnesia {unknown}
 m - 8 scrolls of identify {unknown}
 n - 2 scrolls of random uselessness {unknown}
 q - 3 scrolls of enchant armour {unknown}
 s - 2 scrolls of blinking {unknown}
Potions
 b - 2 potions of curing {@q1}
 d - 3 potions of haste {unknown}
 g - 3 potions of lignification {unknown}
 j - a potion of agility {unknown}
 k - a potion of degeneration {unknown}
 o - a potion of flight {unknown}
 u - a potion of heal wounds {unknown}
 x - 2 potions of mutation {unknown}
Comestibles
 f - 13 rations
 v - 2 chunks of flesh


   Skills:
 + Level 5.5 Fighting
 + Level 9.1 Short Blades
 + Level 3.0 Long Blades
 + Level 3.0 Axes
 + Level 3.0 Maces & Flails
 + Level 3.0 Polearms
 + Level 3.0 Staves
 + Level 3.0 Slings
 + Level 5.5 Bows
 + Level 3.0 Crossbows
 + Level 4.0 Throwing
 + Level 3.0 Armour
 + Level 3.0 Dodging
 + Level 3.8 Stealth
 + Level 3.0 Shields
 + Level 3.0 Unarmed Combat
 + Level 3.0 Spellcasting
 + Level 2.4 Conjurations
 + Level 2.4 Hexes
 + Level 2.4 Charms
 + Level 2.4 Summonings
 + Level 2.4 Necromancy
 + Level 2.4 Translocations
 + Level 2.4 Transmutations
 + Level 2.4 Fire Magic
 + Level 2.4 Ice Magic
 + Level 2.4 Air Magic
 + Level 2.4 Earth Magic
 + Level 2.4 Poison Magic
 + Level 3.2 Invocations
 + Level 3.0 Evocations


You had 13 spell levels left.
You didn't know any spells.
Your spell library contained the following spells:

 Spells                   Type           Power        Failure   Level  Hunger
 Confusing Touch          Hex            #.....       14%         1    #......
 Confuse                  Hex            #.......     38%         3    ###....
 Gell's Gravitas          Tloc           #.........   38%         3    ###....
 Petrify                  Tmut/Erth      #.......     80%         4    #####..
 Metabolic Englaciation   Hex/Ice        #.........   98%         5    ######.
 Yara's Violent Unravell  Hex/Tmut       #.........   98%         5    ######.


Dungeon Overview and Level Annotations

Branches:
Dungeon (6/15)             Temple (1/1) D:6

Altars:
Dithmenos
Makhleb
Nemelex Xobeh
Okawaru
Sif Muna
Uskayaw
Wu Jian
Xom
Zin


Innate Abilities, Weirdness & Mutations

Your experience applies equally to all skills.
You have very sharp teeth.
Your uncanny sense of smell can sniff out nearby items.


Message History

You are too injured to fight recklessly!
You are too injured to fight recklessly!
You are too injured to fight recklessly!
The centaur shoots an arrow.
The arrow barely misses you.
You see here 3 arrows.
There is an open door here.
You close the door.
Something unseen opens the door.
The centaur shoots an arrow.
The arrow hits you.
You see here an arrow.
The centaur shoots an arrow.
The arrow hits you.
* * * LOW HITPOINT WARNING * * *
The centaur shoots an arrow.
The arrow hits you!
* * * LOW HITPOINT WARNING * * *
The centaur shoots an arrow.
You reflect the arrow off an invisible shield around you!
The arrow barely misses the centaur.
You see here an arrow.
The centaur shoots an arrow.
The arrow hits you!
You die...

#.............#......
#.............#.#.##.
#..........##........
##.........##.....###
##........#....###
###.#..###.#...# ##...##
.#.# #...## #######@.##
#.........####
#............#######+###
#.......(....#..........
#............#..........
##..........c#.?........
#.........(.#......§§..
#...........#..?.≈≈.≈§.
#..........w#....§.?.≈.


You could see a centaur.

Vanquished Creatures
  5 bullfrogs
  2 scorpions
  A bullfrog zombie (D:5)
  3 hounds
  2 centaur skeletons (D:6)
  A bullfrog skeleton (D:5)
  2 iguanas
  2 orc wizards
  4 worker ants
  A hound skeleton (D:6)
  A worker ant zombie (D:6)
  4 adders
  2 oozes
  2 adder skeletons
  2 dart slugs (D:1)
  3 worms
  2 leopard geckos
  8 orcs
  3 ball pythons
  5 giant cockroaches
  4 goblins
  5 hobgoblins
  11 jackals
  A quokka (D:3)
  3 bats
  3 frilled lizards
  5 kobolds
  A leopard gecko skeleton (D:4)
  A quokka skeleton (D:5)
  5 rats
94 creatures vanquished.

Vanquished Creatures (others)
  5 toadstools (D:1)
5 creatures vanquished.

Grand Total: 99 creatures vanquished

Notes
Turn   | Place    | Note
-------+----------+-------------------------------------------
     0 | D:1      | Gynju the Gnoll Wanderer began the quest for the Orb.
     0 | D:1      | Gynju set off with the following items: a +2 short sword, a
                  | potion of curing {@q1}, a scroll of teleportation, a +0
                  | robe, a ration
     0 | D:1      | Reached XP level 1. HP: 20/20 MP: 1/1
    98 | D:1      | Reached XP level 2. HP: 12/26 MP: 2/2
   709 | D:1      | Reached XP level 3. HP: 31/31 MP: 3/3
  1153 | D:1      | Reached skill level 1 in Invocations
  1515 | D:2      | Found a shadowy altar of Dithmenos.
  2253 | D:3      | Reached skill level 1 in Long Blades
  2253 | D:3      | Reached skill level 1 in Axes
  2253 | D:3      | Reached skill level 1 in Maces & Flails
  2253 | D:3      | Reached skill level 1 in Polearms
  2253 | D:3      | Reached skill level 1 in Staves
  2253 | D:3      | Reached skill level 1 in Slings
  2253 | D:3      | Reached skill level 1 in Crossbows
  2253 | D:3      | Reached skill level 1 in Armour
  2253 | D:3      | Reached skill level 1 in Dodging
  2253 | D:3      | Reached skill level 1 in Shields
  2253 | D:3      | Reached skill level 1 in Unarmed Combat
  2253 | D:3      | Reached skill level 1 in Spellcasting
  2253 | D:3      | Reached skill level 1 in Evocations
  2326 | D:3      | Reached XP level 4. HP: 25/38 MP: 5/5
  2794 | D:3      | Reached skill level 1 in Conjurations
  2794 | D:3      | Reached skill level 1 in Hexes
  2794 | D:3      | Reached skill level 1 in Charms
  2794 | D:3      | Reached skill level 1 in Summonings
  2794 | D:3      | Reached skill level 1 in Necromancy
  2794 | D:3      | Reached skill level 1 in Translocations
  2794 | D:3      | Reached skill level 1 in Transmutations
  2794 | D:3      | Reached skill level 1 in Fire Magic
  2794 | D:3      | Reached skill level 1 in Ice Magic
  2794 | D:3      | Reached skill level 1 in Air Magic
  2794 | D:3      | Reached skill level 1 in Earth Magic
  2794 | D:3      | Reached skill level 1 in Poison Magic
  3241 | D:3      | Reached XP level 5. HP: 43/43 MP: 6/6
  3479 | D:4      | Reached XP level 6. HP: 14/50 MP: 8/8
  4612 | D:5      | Entered Level 5 of the Dungeon
  4917 | D:5      | Reached skill level 5 in Fighting
  4917 | D:5      | Reached skill level 5 in Bows
  5203 | D:5      | Reached XP level 7. HP: 46/56 MP: 10/10
  6147 | D:6      | Reached skill level 9 in Short Blades
  6150 | D:6      | Found a shimmering altar of Xom.
  6531 | D:6      | Found a staircase to the Ecumenical Temple.
  6626 | D:6      | Reached XP level 8. HP: 40/63 MP: 12/12
  6672 | Temple   | Entered the Ecumenical Temple
  6749 | Temple   | Became a worshipper of Warmaster Okawaru
  7093 | D:6      | Shot with an arrow by a centaur

Levels and vault maps discovered:
D:1:      ldierk_walled_garden, layout_loops_corners, st_stairs_7,
          minmay_hexomino_p4
D:2:      layout_basic, nicolae_dithmenos_shadow_blocks
D:3:      layout_basic, first_ration, kennysheep_generic_room_10
D:4:      layout_basic
D:5:      layout_loops_corners
D:6:      layout_rooms, minmay_temple_entry_butterflies, basic_altar,
          hangedman_abyss_or_decor_slice, kennysheep_generic_room_2
Temple:   grunt_wide_crystal_templ

Skill      XL: |  1  2  3  4  5  6  7  8 |
---------------+-------------------------+-----
Invocations    | 1 2 3 |  3.2
Long Blades    | 1 2 3 |  3.0
Axes           | 1 2 3 |  3.0
Maces & Flails | 1 2 3 |  3.0
Polearms       | 1 2 3 |  3.0
Staves         | 1 2 3 |  3.0
Slings         | 1 2 3 |  3.0
Crossbows      | 1 2 3 |  3.0
Armour         | 1 2 3 |  3.0
Dodging        | 1 2 3 |  3.0
Shields        | 1 2 3 |  3.0
Unarmed Combat | 1 2 3 |  3.0
Spellcasting   | 1 2 3 |  3.0
Evocations     | 1 2 3 |  3.0
Conjurations   | 1 2 |  2.4
Hexes          | 1 2 |  2.4
Charms         | 1 2 |  2.4
Summonings     | 1 2 |  2.4
Necromancy     | 1 2 |  2.4
Translocations | 1 2 |  2.4
Transmutations | 1 2 |  2.4
Fire Magic     | 1 2 |  2.4
Ice Magic      | 1 2 |  2.4
Air Magic      | 1 2 |  2.4
Earth Magic    | 1 2 |  2.4
Poison Magic   | 1 2 |  2.4
Throwing       | 3 4 |  4.0
Stealth        | 3 |  3.8
Fighting       | 5 |  5.5
Bows           | 5 |  5.5
Short Blades   | 9 |  9.1

Action                   |  1- 3 |  4- 6 |  7- 9 || total
-------------------------+-------+-------+-------++-------
Melee: Short sword       |    83 |    43 |       ||   126
       Bite              |    11 |    21 |    18 ||    50
       Dagger            |    50 |       |       ||    50
       Long sword        |       |   113 |   117 ||   230
       Punch             |       |     2 |     1 ||     3
  Use: Scroll            |     1 |       |       ||     1
       Potion            |       |       |     1 ||     1
 Stab: Sleeping          |     4 |     7 |     2 ||    13
  Eat: Chunk             |     4 |     9 |     7 ||    20
Armor: Robe              |    25 |       |       ||    25
       Ring mail         |     2 |    51 |    46 ||    99
Dodge: Dodged            |    64 |    74 |    94 ||   232
Block: Other             |       |     8 |    24 ||    32
       Reflection        |       |       |     1 ||     1
       Rpst.: Long sword |       |    19 |    27 ||    46

Table legend:
 A = Non-vault XP
 B = Vault XP
 C = Vault XP percentage of total XP
 D = Non-vault monster count
 E = Vault monster count
 F = Vault count percentage of total count
                 A         B        C        D         E       F
            +---------+---------+-------+---------+---------+-------
      Total |    1395 |       7 |   0.5 |      90 |       4 |   4.3
            +---------+---------+-------+---------+---------+-------
        D:1 |      50 |       7 |  12.3 |      23 |       4 |  14.8
        D:2 |       8 |       0 |   0.0 |       5 |       0 |   0.0
        D:3 |     102 |       0 |   0.0 |      16 |       0 |   0.0
        D:4 |     217 |       0 |   0.0 |      16 |       0 |   0.0
        D:5 |     502 |       0 |   0.0 |      18 |       0 |   0.0
        D:6 |     516 |       0 |   0.0 |      12 |       0 |   0.0
            +---------+---------+-------+---------+---------+-------
